 Dungeon Crawl Stone Soup version 0.20.1-1-g8b1a95d (webtiles) character file.

67 Nattfarinn the Sneak (level 3, 0/26 HPs)
             Began as a Vampire Enchanter on Aug 2, 2017.
             Slain by an orc (4 damage)
             ... on level 2 of the Dungeon.
             The game lasted 00:04:07 (2718 turns).

Nattfarinn the Sneak (Vampire Enchanter)            Turns: 2718, Time: 00:04:07

Health: 0/26       AC:  4    Str:  7    XL:     3   Next: 98%
Magic:  6/6        EV: 12    Int: 17    God:
Gold:   134        SH:  0    Dex: 15    Spells: 5/6 levels left

rFire    . . .     SeeInvis +   a - +1 dagger
rCold    . . .     Gourm    .   (no shield)
rNeg     + . .     Faith    .   g - +0 leather armour
rPois    .         Spirit   .   (no helmet)
rElec    .         Reflect  .   (no cloak)
rCorr    .         Harm     .   (no gloves)
MR       .....     Rnd*Tele +   i - +0 pair of boots
Stlth    +++.......             (no amulet)
Regen    0.1/turn               n - ring of teleportation (curse)
MPRegen  0.1/turn               (no ring)

@: no status effects
A: fangs 3, see invisible, unbreathing
a: Bat Form


You were on level 2 of the Dungeon.
You were not thirsty.

You visited 1 branch of the dungeon, and saw 3 of its levels.

You collected 134 gold pieces.

Inventory:

Hand Weapons
 a - a +1 dagger (weapon)
Missiles
 h - 5 curare-tipped needles
 m - 31 poisoned needles
Armour
 b - a +0 robe
 g - a +0 leather armour (worn)
 i - a +0 pair of boots (worn)
Jewellery
 n - a cursed ring of teleportation (left hand)
Scrolls
 f - 2 scrolls of noise
Potions
 d - 11 potions of blood
 e - a potion of might {unknown}
 j - a potion of brilliance {unknown}
 k - 2 potions of degeneration {unknown}
 l - a potion of agility {unknown}
 o - 2 potions of mutation {unknown}
Books
 c - a book of Maledictions

   Spells                             Type                      Level
   a - Corona                         Hexes                        1
   b - Ensorcelled Hibernation        Hexes/Ice                    2
   c - Confuse                        Hexes                        3
   d - Tukima's Dance                 Hexes                        3
   e - Dazzling Spray                 Conjuration/Hexes            3


   Skills:
 * Level 1.3 Fighting
 + Level 1.4 Short Blades
 - Level 2.1 Dodging
 * Level 6.7 Stealth
 - Level 2.0 Spellcasting
 - Level 4.4 Hexes


You had 5 spell levels left.
You knew the following spells:

 Your Spells              Type           Power        Failure   Level  Hunger
a - Corona                Hex            ###....      4%          1    #......


Dungeon Overview and Level Annotations

Branches:
Dungeon (3/15)

Altars:
Hepliaklqana
Makhleb
Qazlal
Vehumet


Innate Abilities, Weirdness & Mutations

You have razor-sharp teeth.
You have supernaturally acute eyesight. (SInv)
You can survive without breathing.


Message History

The orc priest calls down the wrath of Beogh upon you.
Beogh smites you!
Ouch! That really hurt!
* * * LOW HITPOINT WARNING * * *
The orc hits you but does no damage.
You climb upwards.
There is a stone staircase leading down here.
You barely miss the orc.
The orc is lightly wounded.
The orc hits you.
* * * LOW HITPOINT WARNING * * *
You barely miss the orc.
The orc is lightly wounded.
The orc misses you. The orc hits you.
* * * LOW HITPOINT WARNING * * *
You hit the orc. You bite the orc.
The orc is heavily wounded.
The orc hits you.
You die...

#.# #.# #.# #.# #.#
##########
#.#########.........
#.#>................
#.#o##########......
#.#@...##..##'......
#.#.####....##...... #.#.#
#_.⌠.##...##. ##### #.#.#
#.....#...##) #...# #.#.#
##....#...##. #...#
#.#.#####⌠...')..##.
##...####.#....##....#...'..
#.............##.....#...###
#....###......##_.⌠.##...#


You could see an orc.

Vanquished Creatures
  An adder (D:2)
  A worm (D:2)
  A dart slug (D:1)
  3 leopard geckos (D:2)
  An orc (D:3)
  11 bats
  2 giant cockroaches (D:2)
  2 goblins
  9 hobgoblins
  3 frilled lizards
  6 kobolds
  6 rats
46 creatures vanquished.

Notes
Turn   | Place    | Note
-------+----------+-------------------------------------------
     0 | D:1      | Nattfarinn the Vampire Enchanter began the quest for the Orb.
     0 | D:1      | Reached XP level 1. HP: 13/13 MP: 3/3
   159 | D:1      | Reached skill level 5 in Stealth
   212 | D:1      | Reached XP level 2. HP: 20/20 MP: 5/5
   770 | D:1      | Reached skill level 1 in Fighting
  1041 | D:2      | Reached XP level 3. HP: 14/26 MP: 6/6
  1424 | D:2      | Reached skill level 6 in Stealth
  1432 | D:2      | Found a stormy altar of Qazlal.
  1892 | D:2      | Found a radiant altar of Vehumet.
  1895 | D:2      | Found a burning altar of Makhleb.
  2235 | D:2      | Found a hazy altar of Hepliaklqana.
  2718 | D:2      | Slain by an orc

Skill      XL: |  1  2  3 |
---------------+----------+-----
Stealth        | 5 6 |  6.7
Fighting       | 1 |  1.3
Short Blades   | |  1.4
Dodging        | |  2.1
Spellcasting   | |  2.0
Hexes          | |  4.4

Action                   || total
-------------------------++-------
Melee: Dagger            ||   176
       Bite              ||    13
  Use: Scroll            ||     3
       Potion            ||     3
 Stab: Sleeping          ||    20
       Distracted        ||     1
Armor: Robe              ||    38
       Leather armour    ||    16
Dodge: Dodged            ||   136
